Map: Nightscape LE

Players

Oratus - Winner!

  • Race: Terran Terran
  • Spawn Location: 1:00

Hãzæl - Winner!

  • Race: Zerg Zerg
  • Spawn Location: 1:00

Massa

  • Race: Terran Terran
  • League: Platinum
  • Spawn Location: 7:00

qqq

  • Race: Zerg Zerg
  • Spawn Location: 7:00

VOD

Have the link to the VOD?

Description

Time

  • Played on: Oct. 31, 2020, 6:21 a.m.
  • Length: 10:53
Show
View Real Time Build Order
Export as new Build Order

Oratus Terran - Winner!

Build Orders: Reaper Expand 

Get SALT Encoding   

  12  0:00  SCV  
  13  0:12  SCV  
  14  0:18  Supply Depot  
  14  0:25  SCV  
  15  0:39  SCV  
  15  0:40  Barracks  
  16  0:44  Refinery  
  16  0:52  SCV  
  17  1:04  SCV  
  18  1:16  SCV  
  19  1:30  Reaper  
  19  1:32  Orbital Command  
  20  1:39  Command Center  
  20  1:57  SCV  
  21  2:06  Marine, Supply Depot  
  22  2:12  SCV  
  22  2:13  Factory  
  23  2:27  Marine  
  23  2:42  Barracks  
  23  2:48  Barracks Reactor  
  22  3:05  Starport  
  22  3:08  SCV  
  22  3:09  Refinery  
  22  3:12  Factory Tech Lab  
  23  3:20  SCV  
  24  3:28  Marine x2  
  26  3:34  SCV  
  26  3:39  Orbital Command  
  27  3:46  Marine x2  
  29  3:48  Barracks Tech Lab  
  29  3:55  Siege Tank  
  32  4:00  SCV  
  33  4:04  Marine x2  
  34  4:12  SCV  
  35  4:18  Marine  
  35  4:21  Liberator  
  35  4:22  Marine  
  40  4:24  SCV  
  40  4:29  Marine  
  42  4:33  SCV  
  42  4:36  SCV, Marine  
  45  4:38  Supply Depot  
  45  4:39  Barracks, Supply Depot  
  45  4:40  Marine  
  46  4:48  Marine  
  46  4:59  Marine x2, Stimpack  
  46  5:00  SCV x2  
  46  5:03  Supply Depot  
  46  5:06  Marine  
  51  5:12  SCV  
  52  5:17  Marine x2  
  52  5:20  SCV  
  55  5:24  Marine  
  56  5:35  Marine  
  56  5:40  Marine  
  56  5:41  SCV x2  
  61  5:44  Supply Depot  
  61  5:46  Starport Reactor  
  61  5:47  Engineering Bay, Siege Tank  
  61  5:48  Barracks Reactor  
  61  5:49  Marine  
  64  6:01  Refinery  
  64  6:03  Refinery, SCV x2  
  66  6:13  Command Center  
  66  6:15  SCV x2  
  66  6:16  Terran Infantry Weapons Level 1  
  66  6:18  Command Center  
  68  6:20  Engineering Bay  
  68  6:22  Marine x3  
  68  6:24  Armory  
  71  6:27  SCV  
  72  6:39  SCV, Combat Shield  
  73  6:44  Marine x4  
  73  6:45  Marine  
  78  6:55  Supply Depot  
  78  6:56  SCV, Medivac x2  
  78  6:58  Supply Depot  
  78  6:59  Supply Depot  
  83  7:02  Marine x3  
  86  7:13  Terran Infantry Armor Level 1  
  86  7:17  SCV, Marine x2  
  86  7:20  Marine x2  
  91  7:29  SCV  
  92  7:31  Orbital Command  
  92  7:37  SCV  
  92  7:41  SCV  
  92  7:43  Command Center  
  94  7:49  SCV, Marine x2  
  94  7:50  Marine x3  
  100  7:51  Medivac  
  100  7:52  Medivac, Siege Tank  
  100  7:53  SCV  
  100  7:58  Concussive Shells  
  108  8:03  Barracks  
  108  8:07  Barracks, Marine x3  
  108  8:08  Marine x2  
  108  8:11  SCV x2  
  111  8:25  Marine x4  
  110  8:29  SCV x2  
  110  8:30  SCV x2  
  114  8:34  Marine  
  115  8:41  SCV  
  115  8:43  Marine x3  
  119  8:50  Marine  
  119  8:52  Marine  
  121  8:58  Orbital Command  
  121  9:00  Medivac  
  121  9:01  Marine x3  
  126  9:03  Missile Turret  
  126  9:05  Planetary Fortress  
  126  9:08  Marine  
  126  9:09  Marine  
  127  9:10  Missile Turret  
  127  9:15  Missile Turret  
  128  9:29  Marine x3  
  107  9:53  Marine x3  
  107  9:55  Marine x2  
  111  10:11  Marine x3  
  111  10:13  Marine x2  
  113  10:28  SCV x2  
  115  10:29  Marine x3  
  115  10:31  Marine x2  
  124  10:37  Barracks Reactor x2  
Show
View Real Time Build Order
Export as new Build Order

Hãzæl Zerg - Winner!

Build Orders: Hatch First 

Get SALT Encoding   

  12  0:00  Drone  
  13  0:09  Drone  
  14  0:37  Hatchery  
  14  0:40  Drone  
  14  0:57  Overlord  
  14  1:05  Spawning Pool  
  14  1:08  Extractor  
  12  1:16  Drone  
  12  1:17  Drone  
  13  1:49  Drone  
  13  1:52  Queen x2  
  18  1:58  Zergling x2  
  19  2:02  Zergling x2  
  19  2:08  Zergling x2  
  21  2:19  Zergling x4  
  22  2:41  Metabolic Boost  
  23  2:44  Drone x3  
  23  2:45  Zergling x2  
  23  2:50  Zergling x2  
  27  3:04  Zergling x2  
  28  3:10  Overlord  
  28  3:11  Overlord  
  27  3:28  Zergling x2  
  27  3:29  Zergling x8  
  27  3:32  Drone  
  33  3:47  Zergling x8  
  36  3:53  Drone  
  37  3:56  Evolution Chamber  
  36  4:07  Zergling x4  
  36  4:08  Zergling x2  
  39  4:10  Drone  
  36  4:27  Zergling x4  
  36  4:28  Zergling x4  
  33  4:34  Zerg Ground Armor Level 1  
  33  4:51  Zergling x8  
  36  4:58  Zergling x6  
  39  5:14  Zergling x10  
  41  5:19  Overlord  
  36  5:45  Zergling x10  
  36  5:46  Zergling x6  
  42  6:07  Hatchery  
  42  6:10  Drone  
  42  6:11  Drone  
  42  6:14  Drone  
  42  6:18  Drone  
  45  6:22  Drone  
  46  6:32  Zergling x4  
  48  6:33  Zergling x2  
  49  6:41  Drone x3  
  52  6:52  Extractor, Overlord  
  52  6:54  Overlord  
  51  7:02  Drone  
  51  7:04  Overlord  
  52  7:14  Zergling x2  
  52  7:15  Zergling x10  
  58  7:17  Drone  
  59  7:26  Queen  
  54  7:59  Zergling x2  
  54  8:00  Zergling x22  
  54  8:01  Zergling x6  
  69  8:10  Drone  
  70  8:14  Extractor  
  70  8:15  Extractor  
  67  8:30  Drone x4  
  67  8:31  Drone  
  72  8:43  Drone x3  
  72  8:44  Drone x6  
  72  8:46  Lair  
  81  8:53  Overlord  
  77  9:02  Spore Crawler  
  71  9:04  Spore Crawler  
  71  9:06  Spore Crawler  
  71  9:07  Drone x3  
  71  9:08  Drone  
  71  9:09  Drone  
  74  9:11  Drone  
  75  9:32  Zergling x2  
  75  9:33  Zergling x6  
  79  9:39  Drone x2  
  79  9:40  Drone  
  79  9:44  Infestation Pit  
  81  9:46  Overlord x2  
  81  9:47  Extractor  
  81  9:48  Drone x2  
  81  9:50  Extractor  
  76  10:03  Drone x6  
  82  10:10  Drone  
  82  10:11  Drone x3  
  82  10:12  Drone x2  
Show
View Real Time Build Order
Export as new Build Order

Massa Terran 

Build Orders:  

Get SALT Encoding   

  12  0:00  SCV  
  13  0:12  SCV  
  14  0:22  Supply Depot  
  14  0:24  SCV  
  15  0:31  Refinery  
  15  0:44  SCV  
  16  1:02  Barracks  
  16  1:03  SCV  
  17  1:12  Barracks  
  17  1:15  SCV  
  18  1:27  SCV  
  19  1:43  SCV  
  20  1:48  Reaper  
  20  1:49  Supply Depot  
  21  1:58  Reaper  
  21  1:59  Orbital Command  
  22  2:20  Reaper  
  23  2:23  Refinery  
  23  2:28  SCV  
  24  2:30  Reaper  
  25  2:51  Bunker  
  24  2:59  Reaper  
  24  3:03  Reaper  
  26  3:31  Reaper  
  27  3:35  Reaper  
  27  3:36  SCV  
  27  3:40  Command Center  
  29  3:48  SCV  
  29  3:53  Bunker  
  30  4:16  Barracks Reactor  
  30  4:17  SCV  
  31  4:24  Factory  
  31  4:28  Supply Depot  
  31  4:30  SCV  
  31  4:33  Barracks, Factory  
  29  4:50  Marine  
  29  4:52  Supply Depot  
  30  5:13  Marine x2  
  33  5:15  Hellion  
  33  5:16  Orbital Command, Supply Depot  
  33  5:17  Hellion  
  36  5:31  Marine x2  
  38  5:37  Hellion  
  38  5:39  Hellion  
  42  5:48  Marine  
  42  5:49  Marine  
  44  5:56  Starport  
  44  5:58  Hellion  
  44  6:00  SCV, Hellion  
  44  6:01  SCV  
  50  6:06  Marine x2  
  52  6:12  SCV  
  52  6:13  SCV  
  54  6:24  SCV, Marine x2  
  57  6:25  SCV, Engineering Bay  
  58  6:34  Factory Tech Lab, Factory Reactor  
  58  6:36  SCV  
  58  6:38  SCV  
  60  6:42  Marine  
  60  6:43  Barracks  
  60  6:45  Marine  
  62  6:48  SCV  
  63  6:55  Missile Turret  
  63  6:56  Medivac  
  63  7:00  Marine  
  66  7:02  Missile Turret  
  66  7:03  Marine  
  67  7:12  Command Center  
  67  7:16  Missile Turret  
  63  7:26  Medivac  
  53  7:30  Hellion x2  
  53  7:32  Siege Tank  
  53  7:33  Marine x2  
  53  7:34  Barracks Tech Lab  
  62  7:45  Refinery  
  62  7:46  Refinery  
  62  7:51  Marine x2  
  64  7:52  Hellion x2  
  64  7:53  Supply Depot x2  
  68  8:13  Hellion  
  68  8:14  Siege Tank  
  68  8:15  Hellion  
  68  8:17  Supply Depot  
  75  8:31  Marauder, Stimpack  
  77  8:34  Hellion  
  77  8:38  Missile Turret  
  77  8:40  Hellion  
  81  8:47  Siege Tank  
  84  8:52  Marauder  
  86  8:56  Hellion  
  86  8:59  Marine x2  
  86  9:01  Hellion  
  92  9:14  Marauder  
  94  9:17  Marine x2  
  94  9:35  Marauder, Marine  
  91  9:40  Marine  
  90  9:53  Marine  
  90  9:56  Marauder  
  90  9:58  Marine  
  87  10:05  Liberator  
  87  10:10  Marine  
  88  10:16  Marine  
  88  10:18  Marauder  
  89  10:25  SCV  
  89  10:26  SCV  
  91  10:28  Marine  
  92  10:37  SCV  
  92  10:38  SCV  
Show
View Real Time Build Order
Export as new Build Order

qqq Zerg 

Build Orders: Pool First 

Get SALT Encoding   

  12  0:01  Drone  
  13  0:09  Drone  
  14  0:22  Overlord  
  14  0:34  Spawning Pool  
  13  0:37  Drone  
  15  0:42  Drone  
  15  0:45  Drone  
  15  0:49  Drone  
  17  0:54  Extractor  
  16  1:00  Drone  
  17  1:09  Drone  
  18  1:23  Zergling x2  
  19  1:32  Zergling x2  
  20  1:43  Zergling x2  
  20  1:45  Hatchery  
  20  1:54  Spine Crawler  
  20  2:00  Spine Crawler  
  18  2:08  Metabolic Boost  
  18  2:18  Zergling x4  
  20  2:26  Overlord  
  19  2:44  Queen  
  18  2:49  Baneling Nest  
  18  2:50  Drone  
  20  3:00  Zergling x2  
  21  3:07  Drone  
  21  3:09  Zergling x4  
  24  3:22  Overlord  
  24  3:25  Drone  
  24  3:26  Drone  
  26  3:33  Overlord  
  26  3:44  Drone  
  26  3:47  Baneling x4  
  27  3:49  Drone  
  27  3:53  Drone  
  29  3:58  Baneling x3  
  27  4:29  Zergling x8  
  27  4:30  Zergling x2  
  31  4:31  Drone x3  
  31  4:33  Queen  
  36  4:45  Zergling x6  
  36  5:00  Lair  
  36  5:02  Drone x2  
  37  5:10  Baneling x3  
  37  5:11  Baneling x2  
  37  5:12  Baneling  
  37  5:13  Zergling x10  
  40  5:15  Drone  
  40  5:22  Zergling x2  
  35  5:45  Zergling x4  
  35  5:47  Drone x3  
  35  6:07  Drone  
  35  6:08  Drone x3, Extractor  
  35  6:09  Spire  
  37  6:23  Drone x3  
  40  6:36  Hatchery  
  32  6:57  Drone  
  32  6:58  Drone x4  
  32  6:59  Drone x5  
  42  7:13  Drone x2  
  44  7:22  Overlord  
  44  7:23  Overlord  
  44  7:43  Baneling x2  
  40  8:00  Mutalisk x3  
  40  8:02  Drone x5  
  40  8:03  Drone x2  
  40  8:04  Queen  
  55  8:08  Baneling x4  
  55  8:13  Drone  
  55  8:25  Drone x2  
  55  8:27  Extractor, Drone  
  55  8:28  Drone, Extractor  
  55  8:34  Mutalisk  
  55  8:36  Drone x2  
  59  8:44  Mutalisk  
  59  8:46  Overlord x3  
  59  8:48  Drone  
  61  9:06  Drone  
  61  9:07  Drone x6  
  61  9:08  Mutalisk  
  70  9:21  Drone x2  
  72  9:27  Drone  
  73  9:35  Drone x3, Mutalisk  
  73  9:36  Mutalisk  
  55  9:54  Overlord  
  55  9:55  Overlord x2  
  51  10:08  Overlord x2  
  51  10:15  Hatchery  
  51  10:16  Spawning Pool  
  49  10:23  Hatchery, Drone  
Tags
 
Add a new tag
Caveats
  • Supply blocks, unpowered buildings, or Contaminate may cause inaccurate times.
  • Supply counts are checked every 10 seconds.